 Dungeon Crawl Stone Soup version 0.17.0-26-gececa24 (webtiles) character file.

12828 Avanven the Destroyer (level 11, -2/68 HPs)
             Began as a Demonspawn Conjurer on Nov 19, 2015.
             Was an Elder of Vehumet.
             Slain by a queen ant (12 damage)
             ... on level 2 of the Lair of Beasts.
             The game lasted 01:00:30 (12482 turns).

Avanven the Destroyer (Demonspawn Conjurer)        Turns: 12482, Time: 01:00:30

Health: -2/68      AC:  5    Str:  8    XL:     11   Next: 67%
Magic:  0/25       EV: 12    Int: 20    God:    Vehumet [****..]
Gold:   554        SH:  0    Dex: 14    Spells: 6 memorised, 14 levels left

rFire  . . .     SeeInvis +     r - +2 quarterstaff (chaos)
rCold  . . .     Clarity  .     a - +1 robe
rNeg   + . .     SustAt   .     (shield currently unavailable)
rPois  +         Gourm    .     (helmet restricted)
rElec  .         Spirit   +     q - +1 cloak
rCorr  .         Warding  .     (no gloves)
rMut   .         Stasis   .     (no boots)
MR     .....                    (no amulet)
Stlth  +++.......               B - ring of Shadows {Umbra +Inv rN+ SInv}
                                m - ring of poison resistance

@: about to teleport, wreathed by umbra, not resistant to hostile enchantments,
fairly stealthy
A: antennae 2, talons 2, spit poison 1, magic shield, magic regeneration
a: Spit Poison, Renounce Religion, Evoke Invisibility


You were on level 2 of the Lair of Beasts.
You worshipped Vehumet.
Vehumet was greatly pleased with you.
You were not hungry.

You visited 3 branches of the dungeon, and saw 11 of its levels.
You also visited: Volcano.

You collected 554 gold pieces.

Inventory:

Hand Weapons
 r - a +2 quarterstaff of chaos (weapon)
Armour
 a - a +1 robe (worn)
 q - a +1 cloak (worn)
Jewellery
 i - a +3 ring of intelligence
 m - a ring of poison resistance (left hand)
 B - the ring of Shadows (right hand) {Umbra +Inv rN+ SInv}
   (You found it on level 4 of the Dungeon)

   [ring of invisibility]

   It protects you from negative energy.
   It lets you see invisible.
   It lets you turn invisible.
Wands
 j - a wand of magic darts (47)
 l - a wand of fire (9)
 p - a wand of polymorph (15)
 A - a wand of frost (4)
Scrolls
 e - a scroll of silence {unknown}
 f - a scroll of blinking {unknown}
 o - 4 scrolls of enchant weapon
 s - a scroll of immolation
 u - 2 scrolls of teleportation
 v - a scroll of identify
 w - 3 scrolls of enchant armour
 x - 5 scrolls of remove curse
 y - 3 scrolls of recharging
 z - a scroll of amnesia
Potions
 d - a potion of lignification
 h - a potion of agility
 t - 2 potions of might
 C - 2 potions of flight
Books
 b - a book of Conjurations

   Spells                             Type                      Level
   a - Magic Dart                     Conjuration                  1
   b - Searing Ray                    Conjuration                  2
   c - Dazzling Spray                 Conjuration/Hexes            3
   d - Fulminant Prism                Conjuration/Hexes            4
   e - Iskenderun's Mystic Blast      Conjuration                  4
   f - Iskenderun's Battlesphere      Conjuration/Charms           5
Comestibles
 c - 8 bread rations
 g - 5 chunks of flesh
 n - 3 meat rations
 D - 13 fruits


   Skills:
 - Level 1.7 Dodging
 - Level 1.7 Stealth
 + Level 10.9 Spellcasting
 + Level 13.1 Conjurations
 - Level 6.5 Fire Magic


You had 14 spell levels left.
You knew the following spells:

 Your Spells              Type           Power        Failure   Level  Hunger
a - Magic Dart            Conj           ####         1%          1    None
b - Searing Ray           Conj           ######       1%          2    None
c - Iskenderun's Battles  Conj/Chrm      #####...     4%          5    ####...
d - Throw Flame           Conj/Fire      ######       1%          2    None
e - Mephitic Cloud        Conj/Pois/Air  ####....     1%          3    None
f - Force Lance           Conj/Tloc      #####...     1%          4    ##.....


Dungeon Overview and Level Annotations

Branches:
Dungeon (8/15)             Temple (1/1) D:6            Lair (2/8) D:8

Altars:
Ashenzari
Cheibriados
Dithmenos
Elyvilon
Fedhas
Gozag
Kikubaaqudgha
Makhleb
Nemelex Xobeh
Okawaru
Qazlal
Ru
Sif Muna
Trog
Vehumet
Xom
Yredelemnul
Zin
The Shining One


Innate Abilities, Weirdness & Mutations

You have a pair of antennae on your head.
You have razor-sharp toenails.
When hurt, damage is shared between your health and your magic reserves.
You regenerate magic rapidly.
You can spit weak poison.


Message History

The searing ray hits the queen ant.
The queen ant is almost dead.
The queen ant waves its antennae.
The queen ant stings you!
You are lethally poisoned!
The queen ant poisons you!
You feel very sick.
Drink which item? (? for menu, Esc to quit)
Okay, then.
Okay, then.
Read which item? (? for menu, Esc to quit)
As you read the scroll of teleportation, it crumbles to dust.
You feel strangely unstable.
* * * LOW HITPOINT WARNING * * *
You feel very sick. The queen ant stings you!
* * * LOW HITPOINT WARNING * * *
Drink which item? (? for menu, Esc to quit)
You feel better. The queen ant stings you!
You die...

##...............,,
#...............,,
##...............,,
#................,,
##...............,,
#.....##..#,,,,,,,
#....#.....,,,,,,,
#a.........,,,,,,,
#@...........,*,,,
#.............*,,,
#....##PP.....*,,,
#.............,,,,
#.............,,,,
##.............,,,,
*#.............,,,,,
#.#........#**,*,,,,
##........## *******


You could see a queen ant.

Vanquished Creatures
  A hydra (Lair:1)
  Urug (Volcano)
  Sonja (Lair:1)
  A griffon (Lair:2)
  Joseph (Lair:1)
  7 spiny frogs
  2 fire drakes
  Sigmund (D:5)
  A basilisk (Lair:1)
  2 fire bats (Volcano)
  A spriggan (D:7)
  2 yaks (Lair:2)
  4 hippogriffs
  5 wolves (Lair:1)
  2 porcupines (Lair:1)
  4 soldier ants (Lair:2)
  2 black bears
  An eye of draining (D:8)
  4 necrophages
  3 ice beasts
  5 orc warriors
  3 water moccasins
  A phantom (D:4)
  6 ogres
  3 centaurs
  5 giant frogs
  A big kobold (D:7)
  A water moccasin zombie (D:7)
  4 jellies
  A scorpion (D:8)
  4 wights (D:7)
  5 killer bees (D:8)
  4 lava snakes (Volcano)
  4 crimson imps
  3 giant frog zombies
  An orc priest (D:5)
  5 orc wizards
  4 hounds
  Crazy Yiuf (D:2)
  A giant frog skeleton (D:6)
  23 worker ants
  3 iguanas
  A killer bee zombie (D:6)
  A hound zombie (D:5)
  A worker ant zombie (D:8)
  8 adders
  2 river rats (Lair:2)
  2 shadow imps
  3 adder skeletons
  3 worms
  A giant gecko (D:2)
  22 orcs
  2 ball pythons
  2 bats (D:1)
  5 giant cockroaches
  2 goblins (D:1)
  2 hobgoblins
  3 quokkas
  A giant cockroach zombie (D:6)
  A giant gecko zombie (D:8)
  7 giant newts
  11 jackals
  8 kobolds
  A quokka skeleton (D:7)
  A quokka zombie (D:5)
  6 rats
230 creatures vanquished.

Vanquished Creatures (others)
  A bush (D:8)
  A fungus (Lair:2)
  5 plants (D:8)
7 creatures vanquished.

Grand Total: 237 creatures vanquished

Notes
Turn   | Place    | Note
--------------------------------------------------------------
     0 | D:1      | Avanven the Demonspawn Conjurer began the quest for the Orb.
     0 | D:1      | Reached XP level 1. HP: 13/13 MP: 3/3
   367 | D:1      | Gained mutation: You have a pair of small antennae on your head. [demonic ancestry]
   367 | D:1      | Reached XP level 2. HP: 19/19 MP: 1/5
   412 | D:1      | Found a sparkling altar of Nemelex Xobeh.
   532 | D:1      | Learned a level 2 spell: Searing Ray
   945 | D:2      | Found a faded altar to an unknown god.
  1021 | D:2      | Found an iron altar of Okawaru.
  1069 | D:2      | Reached skill level 5 in Conjurations
  1069 | D:2      | Gained mutation: You have a pair of antennae on your head. [demonic ancestry]
  1069 | D:2      | Reached XP level 3. HP: 24/24 MP: 1/6
  1137 | D:2      | Found a bloodstained altar of Trog.
  1137 | D:2      | Found a radiant altar of Vehumet.
  1141 | D:2      | Became a worshipper of Vehumet
  1366 | D:2      | Noticed Crazy Yiuf
  1370 | D:2      | Killed Crazy Yiuf
  1571 | D:3      | Reached XP level 4. HP: 30/30 MP: 0/7
  1732 | D:3      | Found a glowing golden altar of the Shining One.
  1878 | D:3      | Found a sacrificial altar of Ru.
  1888 | D:3      | Reached skill level 6 in Conjurations
  2445 | D:3      | Gained mutation: You have sharp toenails. [demonic ancestry]
  2445 | D:3      | Reached XP level 5. HP: 35/35 MP: 5/8
  2789 | D:4      | Noticed an ogre
  2794 | D:4      | Killed an ogre
  2794 | D:4      | Gained mutation: When hurt, damage is shared between your health and your magic reserves. [demonic ancestry]
  2794 | D:4      | Reached XP level 6. HP: 41/41 MP: 3/10
  2999 | D:4      | Reached * piety under Vehumet
  2999 | D:4      | Offered knowledge of Freeze by Vehumet.
  3077 | D:4      | Reached skill level 7 in Conjurations
  3257 | D:4      | Noticed an ogre
  3272 | D:4      | Killed an ogre
  3504 | D:4      | Gained mutation: You have razor-sharp toenails. [demonic ancestry]
  3504 | D:4      | Reached XP level 7. HP: 46/46 MP: 8/12
  3845 | D:5      | Entered Level 5 of the Dungeon
  4328 | D:5      | Reached skill level 8 in Conjurations
  4613 | D:5      | Reached skill level 5 in Spellcasting
  4866 | D:5      | Reached XP level 8. HP: 52/52 MP: 6/16
  4984 | D:5      | Noticed Sigmund
  4999 | D:5      | Killed Sigmund
  4999 | D:5      | Reached skill level 9 in Conjurations
  5219 | D:6      | Learned a level 5 spell: Iskenderun's Battlesphere
  5359 | D:6      | Offered knowledge of Throw Frost by Vehumet.
  5432 | D:6      | Reached ** piety under Vehumet
  5529 | D:6      | Found a staircase to the Ecumenical Temple.
  5531 | D:6      | Found a white marble altar of Elyvilon.
  5578 | Temple   | Entered the Ecumenical Temple
  5688 | Temple   | Gained mutation: You can spit weak poison. [potion of beneficial mutation]
  6314 | D:7      | Reached skill level 10 in Conjurations
  6314 | D:7      | Reached XP level 9. HP: 55/57 MP: 15/19
  6829 | D:7      | Found a sparkling altar of Nemelex Xobeh.
  7432 | D:8      | Found a staircase to the Lair.
  7463 | D:8      | Offered knowledge of Throw Flame by Vehumet.
  7839 | D:8      | Learned a level 2 spell: Throw Flame
  7906 | D:8      | Reached skill level 11 in Conjurations
  7906 | D:8      | Reached skill level 1 in Fire Magic
  7964 | D:8      | Found an opulent altar of Gozag.
  7964 | D:8      | Found a sparkling altar of Nemelex Xobeh.
  8092 | D:8      | Reached *** piety under Vehumet
  8624 | D:8      | Found an opulent altar of Gozag.
  8886 | D:8      | Reached XP level 10. HP: 63/63 MP: 19/22
  9022 | D:8      | Found a blossoming altar of Fedhas.
  9475 | Lair:1   | Entered Level 1 of the Lair of Beasts
  9535 | Lair:1   | Offered knowledge of Mephitic Cloud by Vehumet.
  9618 | Lair:1   | Learned a level 3 spell: Mephitic Cloud
  9682 | Lair:1   | Noticed a seven-headed hydra
  9689 | Lair:1   | Killed a seven-headed hydra
 10045 | Lair:1   | Reached skill level 12 in Conjurations
 10210 | Lair:1   | Noticed Sonja
 10215 | Lair:1   | Killed Sonja
 10215 | Lair:1   | Reached skill level 5 in Fire Magic
 10467 | Lair:1   | Noticed Joseph
 10507 | Lair:1   | Killed Joseph
 10507 | Lair:1   | Reached skill level 10 in Spellcasting
 10507 | Lair:1   | Gained mutation: You regenerate magic rapidly. [demonic ancestry]
 10507 | Lair:1   | Reached XP level 11. HP: 56/68 MP: 4/25
 11353 | Lair:2   | Found a dark tunnel.
 11365 | Volcano  | Entered a volcano
 11489 | Volcano  | Noticed Urug
 11740 | Volcano  | Killed Urug
 11740 | Volcano  | Reached **** piety under Vehumet
 11851 | Volcano  | Found a burning altar of Makhleb.
 11866 | Volcano  | Found a radiant altar of Vehumet.
 12149 | Lair:2   | Reached skill level 13 in Conjurations
 12154 | Lair:2   | Offered knowledge of Force Lance by Vehumet.
 12160 | Lair:2   | Learned a level 4 spell: Force Lance
 12446 | Lair:2   | Noticed a queen ant
 12481 | Lair:2   | HP: 3/68 [queen ant (15)]
 12482 | Lair:2   | Slain by a queen ant

Action                   |  1- 3 |  4- 6 |  7- 9 | 10-12 || total
-------------------------+-------+-------+-------+-------++-------
Melee: Unarmed           |     6 |       |       |       ||     6
       Quarterstaff      |     1 |    20 |     3 |     4 ||    28
 Cast: Magic Dart        |    54 |    52 |   185 |   206 ||   497
       Searing Ray       |     3 |     8 |    67 |    24 ||   102
       Throw Flame       |       |       |    15 |    10 ||    25
       Iskenderun's Batt |       |       |     2 |    42 ||    44
       Mephitic Cloud    |       |       |       |    10 ||    10
       Force Lance       |       |       |       |     8 ||     8
  Use: Scroll            |     6 |     1 |     7 |     7 ||    21
       Potion            |       |       |    11 |     5 ||    16
  Eat: Chunk             |     3 |     4 |    15 |    10 ||    32
       Beef jerky        |       |     1 |     1 |     3 ||     5
       Pizza             |       |       |     1 |       ||     1
       Bread ration      |       |       |       |     1 ||     1
